AoeStats
← aren12100

Arena

509919014Analyzed
1v1 RM · 4d ago on Sep 28, 2026· 37m 55s· 2 players
Game mode
Random Map
Map size
Tiny (2 player)
Population
200
Speed
Normal
Resources
Standard
Victory
Conquest
Starting age
Dark Age
Ending age
Imperial Age
RankedLock teamsTeams togetherTeam positionsShared explorationLock speedFull tech treeHidden civsTurbo modeCheats
Victory
Defeat
🇯🇵 Spanish · Japan
443
+17
🇩🇪 Burgundians · Germany
467
-27
aren12100
9:24 Loom
13:13 Feudal Age
13:50 Double-Bit Axe
13:53 Horse Collar
14:27 Stone Mining
21:26 Castle Age
19:40 Gold Mining
21:53 Castle Age
20:16 Bloodlines
21:12 Forging
21:09 Scale Barding Armor
21:13 Fletching
26:47 Bow Saw
27:05 Heavy Plow
28:31 Wheelbarrow
29:45 Hand Cart
31:03 Husbandry
32:18 Iron Casting
32:04 Chain Barding Armor
32:52 Bodkin Arrow
33:22 Ballistics
33:13 Masonry
35:00 Murder Holes
37:46 Imperial Age
37:48 Cavalier
39:32 Blast Furnace
39:08 Plate Barding Armor
Holger Holgerson
12:55 Feudal Age
12:03 Horse Collar
12:11 Double-Bit Axe
19:50 Castle Age
19:05 Bow Saw
21:46 Squires
21:07 Pikeman
21:12 Crossbowman
23:23 Husbandry
24:32 Cavalier
25:23 Scale Barding Armor
25:20 Padded Archer Armor
25:21 Scale Mail Armor
30:02 Heavy Plow
31:43 Two-Man Saw
30:41 Gold Mining
30:42 Stone Mining
32:46 Gold Shaft Mining
32:47 Stone Shaft Mining
32:44 Crop Rotation
33:03 Wheelbarrow
32:18 Town Watch
33:22 Fortified Wall
34:12 Murder Holes
34:46 Hand Cart
36:52 Forging
36:36 Fletching
Connection lost

Rejoining the realm…

Still unreachable

The connection could not be restored.

Session expired

The server has moved on; the page needs a fresh start.